 Dungeon Sprint DCSS version 0.31-a0-344-gd109795599 (webtiles) character file.

Game seed: 6969274097182596709

5184 dialectric the Basher (level 10, -4/63 HPs)
             Began as a Gargoyle Berserker on July 21, 2023.
             Was an Elder of Trog.
             Slain by a demonic crawler (13 damage)
             ... in the Dungeon (Sprint I: "Red Sonja").
             The game lasted 00:04:13 (694 turns).

dialectric the Basher (Gargoyle Berserker)           Turns: 694, Time: 00:04:14

Health: -4/63      AC: 16    Str: 23    XL:     10   Next: 60%
Magic:  10/10      EV: 20    Int:  8    God:    Trog [****..]
Gold:   313        SH:  0    Dex: 11    Spells: 9/9 levels left

rFire   . . .        l - +1 flail (venom)
rCold   . . .        (no shield)
rNeg    + . .        j - +0 ring mail
rPois   ∞            (helmet restricted)
rElec   +            (no cloak)
rCorr   .            (no gloves)
SInv    .            p - +2 pair of boots {rampage}
Will    .....        (no amulet)
Stlth   +            c - +5 ring of evasion
HPRegen 0.30/turn    (no ring)
MPRegen 0.12/turn

%: no teleportation, rampage
@: on berserk cooldown
A: sickness immunity, AC +7, negative energy resistance 1, electricity
resistance, torment resistance 1, petrification resistance, beak, deformed body,
frail 1
a: Renounce Religion, Berserk, Trog's Hand, Brothers in Arms


You were in the Dungeon.
You worshipped Trog.
Trog was greatly pleased with you.
You visited 1 branch You collected 758 gold pieces.
You spent 445 gold pieces at shops.

Inventory:

Hand Weapons
 a - a +0 mace
 l - a +1 flail of venom (weapon)
Missiles
 m - 3 curare-tipped darts
Armour
 j - a +0 ring mail (worn)
 o - a +0 plate armour
 p - a +2 pair of boots of rampaging (worn)
Jewellery
 c - a +5 ring of evasion (left hand)
Wands
 d - a wand of quicksilver (9)
 r - a wand of charming (6)
Scrolls
 k - a scroll of revelation {unknown}
 n - a scroll of poison
 q - a scroll of identify {unknown}
Potions
 b - 2 potions of mutation
 e - a potion of haste
 f - 2 potions of magic
 g - a potion of berserk rage
 i - a potion of attraction {unknown}


   Skills:
 + Level 11.3 Fighting
 - Level 14.6 Maces & Flails
 + Level 12.1 Armour
 + Level 11.2 Dodging
 - Level 2.8 Stealth
 + Level 4.5 Evocations


You had 9 spell levels left.
You didn't know any spells.
Your spell library was empty.

Dungeon Overview and Level Annotations

Branches:
Dungeon (1/1)

Altars:
Cheibriados
Dithmenos
Elyvilon
Fedhas
Gozag
Hepliaklqana
Kikubaaqudgha
Makhleb
Nemelex Xobeh
Okawaru
Qazlal
Ru
Sif Muna
Trog
Uskayaw
Vehumet
Wu Jian
Xom
Yredelemnul
Zin
The Shining One
Jiyva
Lugonu

Shops:
D ?([


Innate Abilities, Weirdness & Mutations

You are immune to sickness and miasma.
Your stone body is resilient. (AC +7)
You are immune to poison.
You resist negative energy. (rN+)
You are resistant to electric shocks. (rElec)
You are resistant to unholy torment.
You are immune to petrification.
You have a beak for a mouth.
Armour fits poorly on your strangely shaped body.
You are frail. (-10% HP)


Message History

The demonic crawler barely misses you.
Blink to where?
Press: ? - help, Dir - move target
As you read the scroll of blinking, it crumbles to dust.
You hear a shout!
Something barely misses your ogre. Something hits your ogre.
Something hits your ogre!
You close the door.
You hear a shout!
You start resting.
You hear a shout! x2
Your ogre rages.
A demonic crawler is nearby!
Your ogre hits the demonic crawler with a +0 giant spiked club!!
The demonic crawler hits your ogre! The demonic crawler hits your ogre. x2
Your ogre hits the demonic crawler with a +0 giant spiked club!!!
The demonic crawler dies!
Trog accepts your kill.
Your Fighting skill increases to level 11!
Your Armour skill increases to level 12!
Your Dodging skill increases to level 11!
Your ogre hits the demonic crawler with a +0 giant spiked club.
The demonic crawler hits your ogre. x3
Your ogre dies!
Your ogre's corpse disappears in a puff of smoke!
The demonic crawler completely misses you. x2
The demonic crawler hits you but does no damage.
There is an open door here.
The demonic crawler closely misses you. The demonic crawler hits you.
* * * LOW HITPOINT WARNING * * *
The demonic crawler barely misses you.
The demonic crawler attacks as you move away!
The demonic crawler hits you but does no damage.
The demonic crawler barely misses you.
The demonic crawler completely misses you. x2
The demonic crawler barely misses you.
The demonic crawler hits you but does no damage.
You feel yourself speed up. The demonic crawler hits you!
You die...

#..#####'#####O#__####..
#..####..#...#.####..###
#..#__####..##s#§~§..#§.
#..#_____##'#s.'§§§..'§.
#⌠⌠#_.∩...'..._#§§~§§#..
####_..__##_.#'##§#####'
#_____###+#.#§.).###.
############.####'###)##
#∩.....@s.s...'†....'[∩#
###++++####..)##########
##.## #+#


You could see 2 demonic crawlers.

Vanquished Creatures
  2 centaur warriors (D)
  A demonic crawler (D)
  Sonja (D)
  A deep troll (D)
  An oklob plant (D)
  2 kobold demonologists (D)
  A hornet (D)
  Sigmund (D)
  A slime creature (D)
  A yak (D)
  A floating eye (D)
  An ogre (D)
  A jelly (D)
  Ijyb (D)
16 creatures vanquished.

Vanquished Creatures (collateral kills)
  A demonic crawler (D)
1 creature vanquished.

Grand Total: 17 creatures vanquished

Notes
Turn   | Place    | Note
-------+----------+-------------------------------------------
     0 | D        | dialectric the Gargoyle Berserker began the quest for the
                  | Orb.
     0 | D        | Reached XP level 1. HP: 14/14 MP: 1/1
     1 | D        | Noticed Ijyb
     8 | D        | Killed Ijyb
     9 | D        | Reached skill level 5 in Fighting
     9 | D        | Reached skill level 4 in Maces & Flails
     9 | D        | Reached XP level 2. HP: 21/21 MP: 2/2
    44 | D        | Noticed an ogre
    47 | D        | Killed an ogre
    48 | D        | Reached skill level 6 in Maces & Flails
    48 | D        | Reached XP level 3. HP: 23/28 MP: 3/3
    48 | D        | Reached XP level 4. HP: 28/34 MP: 4/4
    61 | D        | Noticed Sigmund
    90 | D        | Killed Sigmund
    90 | D        | Reached ** piety under Trog
    91 | D        | Reached skill level 8 in Maces & Flails
    91 | D        | Reached skill level 5 in Armour
    91 | D        | Reached XP level 5. HP: 21/41 MP: 5/5
    91 | D        | Reached XP level 6. HP: 24/46 MP: 6/6
   172 | D        | Found an ornate altar of the Wu Jian Council.
   172 | D        | Found a shimmering blue altar of Sif Muna.
   174 | D        | Found a radiant altar of Vehumet.
   180 | D        | Reached skill level 9 in Maces & Flails
   225 | D        | Found Purphimou's Antique Weapon Emporium.
   225 | D        | Found an ancient bone altar of Kikubaaqudgha.
   225 | D        | Found a hazy altar of Hepliaklqana.
   225 | D        | Found a stormy altar of Qazlal.
   225 | D        | Found a hide-covered altar of Uskayaw.
   225 | D        | Found a blossoming altar of Fedhas.
   225 | D        | Found a bloodstained altar of Trog.
   225 | D        | Found an iron altar of Okawaru.
   225 | D        | Found a basalt altar of Yredelemnul.
   225 | D        | Found a glowing golden altar of the Shining One.
   225 | D        | Found a snail-covered altar of Cheibriados.
   225 | D        | Found a sacrificial altar of Ru.
   225 | D        | Found a glowing silver altar of Zin.
   225 | D        | Found a shadowy altar of Dithmenos.
   225 | D        | Found a white marble altar of Elyvilon.
   225 | D        | Noticed a yak
   230 | D        | Killed a yak
   231 | D        | Reached skill level 10 in Maces & Flails
   231 | D        | Reached skill level 1 in Evocations
   231 | D        | Reached XP level 7. HP: 51/51 MP: 7/7
   231 | D        | Found an opulent altar of Gozag.
   232 | D        | Found a sparkling altar of Nemelex Xobeh.
   236 | D        | Bought a runed flail for 143 gold pieces
   263 | D        | Found a burning altar of Makhleb.
   263 | D        | Found a viscous altar of Jiyva.
   263 | D        | Found a shimmering altar of Xom.
   263 | D        | Found a corrupted altar of Lugonu.
   263 | D        | Noticed a slime creature
   272 | D        | Killed a slime creature
   272 | D        | Reached *** piety under Trog
   273 | D        | Reached skill level 11 in Maces & Flails
   392 | D        | Noticed Sonja
   420 | D        | Killed Sonja
   421 | D        | Reached skill level 13 in Maces & Flails
   421 | D        | Reached skill level 5 in Dodging
   421 | D        | Reached skill level 1 in Stealth
   421 | D        | Reached XP level 8. HP: 36/56 MP: 8/8
   435 | D        | Found Oraimpeu's Magic Scroll Boutique.
   443 | D        | Bought a scroll of poison for 44 gold pieces
   466 | D        | Noticed a deep troll
   475 | D        | Killed a deep troll
   476 | D        | Reached skill level 14 in Maces & Flails
   476 | D        | Reached XP level 9. HP: 60/60 MP: 9/9
   485 | D        | Found Tuluothreas's Armour Emporium.
   489 | D        | Identified the +1 trident of Inflation {drain, rF+ rN+
                  | Str+3 Dex-4}
   495 | D        | Bought a +2 pair of boots of rampaging for 258 gold pieces
   517 | D        | Noticed a centaur warrior
   517 | D        | Noticed a centaur warrior
   530 | D        | Killed a centaur warrior
   539 | D        | Killed a centaur warrior
   539 | D        | Reached **** piety under Trog
   540 | D        | Reached skill level 10 in Armour
   552 | D        | Noticed a hornet
   558 | D        | Killed a hornet
   573 | D        | Noticed an oklob plant
   583 | D        | Killed an oklob plant
   584 | D        | Reached skill level 10 in Dodging
   584 | D        | Reached XP level 10. HP: 66/66 MP: 10/10
   605 | D        | Noticed a kobold demonologist
   606 | D        | Noticed a kobold demonologist
   607 | D        | Paralysed by a floating eye for 4 turns
   622 | D        | Killed a kobold demonologist
   631 | D        | Killed a kobold demonologist
   632 | D        | Reached skill level 10 in Fighting
   635 | D        | Noticed a demonic crawler
   635 | D        | Noticed a demonic crawler
   635 | D        | Noticed a demonic crawler
   635 | D        | Noticed a demonic crawler
   663 | D        | Killed a demonic crawler
   663 | D        | Reached ***** piety under Trog
   679 | D        | Gained mutation: You are frail. (-10% HP) [potion of
                  | mutation]
   679 | D        | Gained mutation: Armour fits poorly on your strangely
                  | shaped body. [potion of mutation]
   679 | D        | Gained mutation: You have a beak for a mouth. [potion of
                  | mutation]
   687 | D        | Killed a demonic crawler
   694 | D        | Slain by a demonic crawler

Illustrated notes

Levels and vault maps discovered:
D:        dungeon_sprint_1 [red_sonja_temple_1, red_sonja_temple_small_1]

Skill      XL: |  1  2  3  4  5  6  7  8  9 10 |
---------------+-------------------------------+-----
Fighting       | 5 7 9 11 | 11.3
Maces & Flails | 4 6 8 10 13 14 | 14.6
Dodging        | 2 3 4 5 6 10 11 | 11.2
Armour         | 3 5 7 8 11 12 | 12.1
Evocations     | 1 2 4 |  4.5
Stealth        | 1 2 |  2.8

Action                     |  1- 3 |  4- 6 |  7- 9 | 10-12 || total
---------------------------+-------+-------+-------+-------++-------
  Melee: Mace              |     7 |    23 |       |       ||    30
         Flail             |       |       |    57 |    48 ||   105
         Punch             |       |       |       |     1 ||     1
 Invoke: Berserk           |     1 |     1 |     3 |     1 ||     6
         Brothers in Arms  |       |       |       |     2 ||     2
  Evoke: Wand              |     2 |     1 |       |       ||     3
    Use: Potion            |       |     1 |     1 |     1 ||     3
         Scroll            |       |       |       |     1 ||     1
 Armour: Ring mail         |       |     7 |    27 |    43 ||    77
  Dodge: Dodged            |     3 |    11 |    50 |    94 ||   158

Table legend: (Time is in decaauts)
 A = Elapsed time spent in this place.
 B = Non-inter-level travel time spent in this place.
 C = Inter-level travel time spent in this place.
 D = Time resting spent in this place.
 E = Time spent auto-exploring this place.
 F = Levels seen in this place.
 G = Mean time per level.
                   A        B        C        D        E       F      G
               +--------+--------+--------+--------+--------+-----+--------+
         Total |    702 |    702 |      0 |    236 |      0 |   1 |  702.0 |
       Dungeon |    702 |    702 |      0 |    236 |      0 |   1 |  702.0 |
               +--------+--------+--------+--------+--------+-----+--------+

Top non-repeatable levels by time:
       D: 702 daAuts
